Map: [ESL] Dragon Scales

Players

Lambo - Winner!

  • Race: Zerg Zerg
  • Spawn Location: 11:00

RagnaroK (SHIN)

  • Race: Zerg Zerg
  • Spawn Location: 5:00

Event: ESL SC2 Masters 2023 Summer (Finals)

VOD

Have the link to the VOD?

Description

Time

  • Played on: June 17, 2023, 5:28 a.m.
  • Length: 7:04

All games in this series

Show
View Real Time Build Order
Export as new Build Order

Lambo Zerg - Winner!

Build Orders: Hatch First 

Get SALT Encoding   

  12  0:00  Drone  
  13  0:12  Overlord  
  13  0:17  Drone  
  14  0:31  Drone x2  
  16  0:47  Hatchery  
  15  0:51  Drone  
  15  0:54  Drone  
  17  0:57  Drone  
  18  1:08  Extractor  
  17  1:13  Spawning Pool  
  17  1:16  Drone  
  17  1:19  Drone  
  18  1:27  Drone  
  19  1:38  Drone  
  20  1:49  Drone  
  21  1:59  Queen x2  
  21  2:00  Zergling x2, Overlord  
  26  2:08  Metabolic Boost  
  26  2:10  Drone x2  
  28  2:21  Drone x2  
  30  2:31  Drone  
  30  2:32  Zergling x2  
  32  2:38  Hatchery  
  32  2:43  Drone  
  32  2:45  Baneling Nest  
  32  2:49  Overlord  
  31  2:56  Drone  
  33  2:58  Drone  
  33  3:04  Zergling x4  
  35  3:10  Drone x3  
  35  3:11  Zergling x4  
  40  3:15  Overlord  
  40  3:19  Zergling x2  
  41  3:23  Drone  
  42  3:29  Baneling x4  
  42  3:30  Zergling x2  
  42  3:33  Queen  
  42  3:34  Zergling x2  
  46  3:36  Baneling  
  46  3:40  Zergling x6  
  49  3:45  Zergling x6  
  50  3:55  Zergling x8  
  52  4:05  Extractor  
  52  4:06  Roach Warren  
  52  4:08  Zergling x8  
  54  4:15  Drone  
  54  4:16  Drone  
  56  4:19  Overlord  
  56  4:22  Overlord  
  56  4:25  Zergling x2  
  56  4:29  Zergling x6  
  57  4:50  Roach x7  
  71  4:54  Roach  
  71  4:56  Overlord  
  73  5:00  Overlord  
  73  5:03  Overlord  
  73  5:06  Overlord  
  73  5:12  Overlord  
  73  5:18  Roach x2  
  73  5:20  Roach  
  79  5:22  Roach  
  79  5:26  Roach  
  83  5:32  Roach  
  83  5:33  Roach  
  87  5:38  Roach  
  87  5:42  Zergling x8  
  93  5:52  Roach  
  93  5:53  Roach  
  93  5:56  Overlord  
  97  5:58  Zergling x6  
  97  5:59  Zergling x2  
  97  6:04  Zergling x4  
  102  6:08  Zergling x4  
  102  6:11  Zergling x4  
  106  6:16  Zergling x6  
  106  6:18  Baneling x2  
  109  6:24  Zergling x6  
  112  6:27  Zergling x2  
  112  6:31  Zergling x6  
  116  6:39  Zergling x8  
  115  6:41  Zergling x2  
  115  6:46  Zergling x4  
  95  7:02  Ravager  
  95  7:03  Ravager  
Show
View Real Time Build Order
Export as new Build Order

RagnaroK Zerg 

Build Orders: Hatch First 

Get SALT Encoding   

  12  0:00  Drone  
  13  0:12  Overlord  
  13  0:16  Drone  
  14  0:30  Drone  
  14  0:31  Drone  
  16  0:47  Hatchery  
  15  0:51  Drone  
  15  0:54  Drone  
  17  0:58  Drone  
  17  1:02  Extractor  
  17  1:12  Spawning Pool  
  17  1:15  Drone  
  17  1:19  Drone  
  18  1:27  Drone  
  19  1:38  Drone  
  20  1:49  Drone  
  21  1:59  Drone x2  
  21  2:00  Queen x2  
  27  2:02  Metabolic Boost  
  27  2:10  Zergling x2  
  27  2:11  Overlord  
  28  2:29  Hatchery  
  27  2:31  Drone x2  
  29  2:38  Overlord  
  29  2:42  Zergling x4  
  31  2:44  Zergling x2  
  32  2:53  Zergling x4  
  33  3:05  Zergling x4  
  35  3:08  Zergling x12  
  41  3:17  Zergling x2, Roach Warren  
  41  3:19  Zergling x2  
  42  3:26  Queen  
  44  3:32  Overlord  
  44  3:36  Overlord  
  44  3:42  Drone x3  
  44  3:48  Drone x2  
  37  3:57  Roach x2  
  37  3:59  Roach  
  37  4:02  Roach  
  44  4:05  Roach  
  44  4:09  Roach  
  47  4:12  Roach  
  47  4:15  Roach  
  47  4:16  Drone  
  52  4:19  Drone  
  53  4:27  Drone x3  
  53  4:31  Drone x2  
  56  4:33  Drone  
  56  4:36  Drone  
  56  4:38  Roach  
  59  4:41  Roach  
  59  4:43  Drone  
  62  4:49  Roach, Evolution Chamber  
  62  4:51  Extractor  
  62  4:53  Roach  
  64  5:01  Overlord, Roach  
  64  5:02  Overlord  
  64  5:06  Overlord  
  66  5:09  Overlord  
  66  5:19  Overlord  
  66  5:20  Drone x4  
  70  5:21  Zergling x2  
  70  5:28  Drone  
  72  5:31  Roach  
  72  5:32  Drone  
  77  5:35  Roach  
  77  5:37  Extractor  
  77  5:39  Zergling x2  
  77  5:40  Roach  
  79  5:45  Overlord  
  79  5:46  Roach  
  79  5:48  Drone  
  82  5:50  Roach  
  82  5:53  Roach  
  85  6:01  Drone x5  
  91  6:05  Roach  
  91  6:08  Overlord  
  93  6:14  Roach x3  
  93  6:16  Roach  
  100  6:22  Roach, Spine Crawler  
  100  6:24  Roach  
  103  6:27  Roach  
  103  6:30  Roach  
  103  6:32  Roach  
  108  6:33  Roach  
  108  6:35  Roach  
  108  6:38  Roach  
  110  6:40  Roach  
  110  6:43  Roach  
Tags
 
Add a new tag
Caveats
  • Supply blocks, unpowered buildings, or Contaminate may cause inaccurate times.
  • Supply counts are checked every 10 seconds.